Ice Dragons vs Punishers
(R1)
Created - 29 décembre 2014 at 21:50
Goals
|
| Ice Dragons |
2 |
2 |
0 |
0 |
4 |
| Punishers |
0 |
3 |
1 |
1 |
5 |
|
Shots
|
| Ice Dragons |
11 |
10 |
9 |
0 |
30 |
| Punishers |
4 |
11 |
11 |
1 |
27 |
|
1st period
1. Ice Dragons , Jeff Tambellini 23 (Martin Hanzal) at 12:34
2. Ice Dragons , Cal Clutterbuck 19 (Martin Hanzal) at 17:36 (PP)
Penalties :
Brad Staubitz (Kin) for High sticking (Minor) at 1:29, Éric Perrin (Pro) for Holding (Minor) at 4:40, Mike Weber (Pro) for Slashing (Minor) at 12:37, Petteri Nokelainen (Pro) for Tripping (Minor) at 16:24, Éric Perrin (Pro) for Hooking (Minor) at 17:43
2nd period
3. Ice Dragons , Nigel Dawes 9 (Shean Donovan) at 2:10
4. Punishers , Richard Zednik 13 (Éric Perrin, Brad Isbister) at 7:53 (PP)
5. Punishers , Brad Isbister 24 (Keaton Ellerby) at 8:45
6. Ice Dragons , Shean Donovan 16 (Nigel Dawes, Patrick O'Sullivan) at 10:07
7. Punishers , Éric Perrin 23 (Richard Zednik) at 14:31
Penalties :
Cal Clutterbuck (Kin) for Interference (Minor) at 2:17, Boris Valabik (Kin) for Holding (Minor) at 7:48, Niklas Sundstrom (Kin) for Tripping (Minor) at 10:51, Richard Zednik (Pro) for Boarding (Minor) at 16:43, Cal Clutterbuck (Kin) for Slashing (Minor) at 19:58
3rd period
8. Punishers , Adam McQuaid 1 (Brad Isbister, Casey Cizikas) at 7:43 (SH)
Penalties :
Mike Grier (Pro) for Roughing (Minor) at 5:05, Erik Condra (Pro) for Holding (Minor) at 6:37, Erik Condra (Pro) for Holding (Minor) at 9:08, Jonathan Blum (Kin) for Roughing (Minor) at 11:36, Shean Donovan (Kin) for Roughing (Minor) at 18:05
Overtime #1
9. Punishers , Keaton Ellerby 4 (Brad Isbister, Éric Perrin) at 0:14
Penalties :
No Penalty
Goalie Stats
Justin Pogge (Kin), 22 saves from 27 shots - (0,815), OTL, 10-6-5, 60:14 minutes
Kevin Poulin (Pro), 26 saves from 30 shots - (0,867), W, 14-4-3, 60:14 minutes
Players Stats for Ice Dragons
Player Name G A P +/- PIM S H SB GA TA FO MP PP MP PK MP
------------------------------------------------------------------------------------
Boris Valabik 0 0 0 -1 2 0 2 0 0 0 0/0 27:42 7:54 6:15
Brad Staubitz 0 0 0 -1 2 1 1 0 0 0 0/0 8:25 0:10 0:00
Brayden McNabb 0 0 0 0 0 0 0 0 0 0 0/0 4:38 0:00 0:21
Cal Clutterbuck 1 0 1 -2 4 3 2 0 0 0 4/4 19:09 6:54 1:29
Danny Syvret 0 0 0 0 0 0 2 2 0 1 0/0 22:45 6:44 5:18
Eric Mestery 0 0 0 0 0 0 0 0 0 0 0/0 4:05 0:00 0:00
Jeff Tambellini 1 0 1 0 0 2 1 0 0 0 2/3 23:14 7:34 5:09
Jonathan Blum 0 0 0 -1 2 0 0 0 0 0 0/0 13:03 6:44 0:05
Kevin Klein 0 0 0 -1 0 3 2 2 0 0 0/0 27:48 7:54 6:20
Kris Beech 0 0 0 0 0 1 3 0 0 1 7/12 17:19 7:34 1:45
Marc-Antoine Pouliot 0 0 0 -1 0 3 1 0 0 0 1/4 7:55 0:09 0:20
Martin Hanzal 0 2 2 -1 0 3 1 1 0 0 12/26 16:31 6:55 0:00
Mats Zuccarello 0 0 0 -1 0 4 0 0 0 1 0/0 15:19 6:55 0:00
Matt Walker 0 0 0 1 0 0 0 1 0 1 0/0 15:34 0:00 5:39
Nigel Dawes 1 1 2 2 0 3 1 0 0 0 0/0 15:44 7:34 1:10
Niklas Sundstrom 0 0 0 0 2 2 0 0 2 0 5/9 14:39 0:00 5:23
Patrick O'Sullivan 0 1 1 2 0 0 1 2 0 1 6/8 6:11 0:00 0:00
Shean Donovan 1 1 2 1 2 4 0 0 0 0 1/2 11:44 0:00 5:00
Tim Kennedy 0 0 0 -1 0 1 0 0 0 0 1/3 12:02 0:09 3:37
Tyler Eckford 0 0 0 0 0 0 0 0 0 0 0/0 5:03 0:00 0:00
Players Stats for Punishers
Player Name G A P +/- PIM S H SB GA TA FO MP PP MP PK MP
------------------------------------------------------------------------------------
Adam McQuaid 1 0 1 0 0 2 2 5 0 0 0/0 21:25 3:49 7:06
Adam Pineault 0 0 0 -1 0 1 1 0 1 0 0/0 8:25 0:23 0:00
Brad Isbister 1 3 4 4 0 4 1 0 1 0 3/4 25:06 5:35 7:53
Brandon McMillan 0 0 0 -1 0 0 0 1 0 0 1/5 7:05 0:00 0:29
Casey Cizikas 0 1 1 1 0 1 1 0 0 0 0/4 7:28 0:00 2:18
Éric Perrin 1 2 3 3 4 5 1 0 1 0 23/43 23:37 5:35 5:55
Erik Condra 0 0 0 0 4 1 2 0 0 0 1/2 9:38 0:23 2:25
Jack Hillen 0 0 0 0 0 0 0 1 0 0 0/0 8:51 0:00 1:18
Justin Falk 0 0 0 0 0 0 2 1 1 0 0/0 28:29 8:05 6:48
Keaton Ellerby 1 1 2 1 0 2 0 1 0 0 0/0 30:36 8:05 7:03
Kris Chucko 0 0 0 -1 0 3 3 0 0 0 0/2 10:33 0:23 2:02
Mike Grier 0 0 0 -2 2 1 1 0 0 0 0/1 14:10 5:56 0:03
Mike Weber 0 0 0 0 2 2 2 2 0 0 0/0 20:47 3:49 6:02
Petteri Nokelainen 0 0 0 -2 2 0 1 0 0 1 3/6 13:54 5:56 0:00
Radek Smolenak 0 0 0 0 0 0 0 1 0 0 0/0 5:10 0:00 0:00
Richard Zednik 1 1 2 2 2 3 1 1 1 0 1/4 21:13 5:35 3:33
Simon Despres 0 0 0 1 0 0 1 0 0 0 0/0 3:08 0:00 0:59
Tanner Glass 0 0 0 -2 0 2 2 0 0 0 0/0 18:33 5:56 4:10
Zach Jones 0 0 0 0 0 0 0 0 0 1 0/0 7:35 0:00 0:00
3 Stars
1 - Brad Isbister (Pro)
2 - Nigel Dawes (Kin)
3 - Éric Perrin (Pro)
Power Play
Ice Dragons - 1 on 8 Attempt(s) - 12,50%
Punishers - 1 on 7 Attempt(s) - 14,29%
Penalty Kill
Ice Dragons - 6 on 7 Attempt(s) - 85,71%
- Score 0 goal in Penalty Kill
Punishers - 7 on 8 Attempt(s) - 87,50%
- Score 1 goal in Penalty Kill
Official
Referees : StPierre Justin and Rehman Kyle
Linesman : Lyle Seitz and Derek Nansen
Game Notes
No Game Note
Finance
Level 1 -- Attendance: 1551 (77,55%) -- Ticket Income 54 285 $
Level 2 -- Attendance: 722 (72,20%) -- Ticket Income 10 830 $
Total Attendance: 2273 (75,77%)
Total Ticket Income: 65 115 $
Other Income: 3 256 $
Total Income: 68 371 $
Ice Dragons
5 vs 5 Forward
Center Left Wing Right Wing Time % Phy DF OF
1 Martin Hanzal Jeff Tambellini Cal Clutterbuck 40 1 1 3
2 Kris Beech Mats Zuccarello Niklas Sundstrom 30 1 1 3
3 Patrick O'Sullivan Nigel Dawes Shean Donovan 20 2 1 2
4 Marc-Antoine Pouliot Tim Kennedy Brad Staubitz 10 0 3 2
5 vs 5 Defense
Defense Defense Time % Phy DF OF
1 Boris Valabik Kevin Klein 40 0 3 2
2 Matt Walker Danny Syvret 30 2 2 1
3 Tyler Eckford Jonathan Blum 20 2 2 1
4 Brayden McNabb Eric Mestery 10 2 3 0
PowerPlay Forward
Center Left Wing Right Wing Time % Phy DF OF
1 Martin Hanzal Mats Zuccarello Cal Clutterbuck 60 1 1 3
2 Kris Beech Nigel Dawes Jeff Tambellini 40 1 1 3
PowerPlay Defense
Defense Defense Time % Phy DF OF
1 Boris Valabik Kevin Klein 60 1 1 3
2 Jonathan Blum Danny Syvret 40 1 1 3
Penalty Kill 4 Players Forward
Center Wing Time % Phy DF OF
1 Niklas Sundstrom Shean Donovan 60 1 4 0
2 Jeff Tambellini Cal Clutterbuck 40 1 4 0
Penalty Kill 4 Players Defense
Defense Defense Time % Phy DF OF
1 Boris Valabik Kevin Klein 60 1 4 0
2 Matt Walker Danny Syvret 40 1 4 0
Penalty Kill - 3 Players Forward
Forward Time % Phy DF OF
1 Cal Clutterbuck 60 1 4 0
2 Shean Donovan 40 1 4 0
Penalty Kill - 3 Players Defense
Defense Defense Time % Phy DF OF
1 Boris Valabik Kevin Klein 60 1 4 0
2 Matt Walker Danny Syvret 40 1 4 0
4 vs 4 Forward
Center Wing Time % Phy DF OF
1 Martin Hanzal Niklas Sundstrom 60 1 3 1
2 Patrick O'Sullivan Kris Beech 40 1 3 1
4 vs 4 Defense
Defense Defense Time % Phy DF OF
1 Boris Valabik Kevin Klein 60 1 3 1
2 Matt Walker Danny Syvret 40 1 3 1
Last Minutes Offensive
Center Left Wing Right Wing Defense Defense
Martin Hanzal Jeff Tambellini Cal Clutterbuck Boris Valabik Kevin Klein
Last Minutes Defensive
Center Left Wing Right Wing Defense Defense
Jeff Tambellini Cal Clutterbuck Shean Donovan Matt Walker Kevin Klein
Goaltenders
Starting : Justin Pogge
Backup : Anders Nilsson
Extra Forwards
Normal : Cal Clutterbuck, Mats Zuccarello, Nigel Dawes - PP : Cal Clutterbuck, Mats Zuccarello - PK : Tim Kennedy
Extra Defensemen
Normal : Tyler Eckford, Jonathan Blum, Brayden McNabb - PP : Tyler Eckford - PK : Jonathan Blum, Brayden McNabb
Penalty Shots
Martin Hanzal, Niklas Sundstrom, Jeff Tambellini, Kris Beech, Shean Donovan
Punishers
5 vs 5 Forward
Center Left Wing Right Wing Time % Phy DF OF
1 Éric Perrin Brad Isbister Richard Zednik 40 1 2 2
2 Petteri Nokelainen Tanner Glass Mike Grier 30 1 2 2
3 Brandon McMillan Kris Chucko Adam Pineault 20 1 2 2
4 Casey Cizikas Radek Smolenak Erik Condra 10 1 2 2
5 vs 5 Defense
Defense Defense Time % Phy DF OF
1 Keaton Ellerby Justin Falk 40 1 2 2
2 Mike Weber Adam McQuaid 30 1 2 2
3 Zach Jones Jack Hillen 20 1 2 2
4 Simon Despres Keaton Ellerby 10 1 2 2
PowerPlay Forward
Center Left Wing Right Wing Time % Phy DF OF
1 Éric Perrin Brad Isbister Richard Zednik 60 1 2 2
2 Petteri Nokelainen Tanner Glass Mike Grier 40 1 2 2
PowerPlay Defense
Defense Defense Time % Phy DF OF
1 Keaton Ellerby Justin Falk 60 1 2 2
2 Mike Weber Adam McQuaid 40 1 2 2
Penalty Kill 4 Players Forward
Center Wing Time % Phy DF OF
1 Éric Perrin Brad Isbister 60 1 2 2
2 Richard Zednik Tanner Glass 40 1 2 2
Penalty Kill 4 Players Defense
Defense Defense Time % Phy DF OF
1 Keaton Ellerby Justin Falk 60 1 2 2
2 Mike Weber Adam McQuaid 40 1 2 2
Penalty Kill - 3 Players Forward
Forward Time % Phy DF OF
1 Éric Perrin 60 1 2 2
2 Brad Isbister 40 1 2 2
Penalty Kill - 3 Players Defense
Defense Defense Time % Phy DF OF
1 Keaton Ellerby Justin Falk 60 1 2 2
2 Mike Weber Adam McQuaid 40 1 2 2
4 vs 4 Forward
Center Wing Time % Phy DF OF
1 Éric Perrin Brad Isbister 60 1 2 2
2 Richard Zednik Tanner Glass 40 1 2 2
4 vs 4 Defense
Defense Defense Time % Phy DF OF
1 Keaton Ellerby Justin Falk 60 1 2 2
2 Mike Weber Adam McQuaid 40 1 2 2
Last Minutes Offensive
Center Left Wing Right Wing Defense Defense
Éric Perrin Brad Isbister Richard Zednik Keaton Ellerby Justin Falk
Last Minutes Defensive
Center Left Wing Right Wing Defense Defense
Éric Perrin Brad Isbister Richard Zednik Keaton Ellerby Justin Falk
Goaltenders
Starting : Kevin Poulin
Backup : Anton Khudobin
Extra Forwards
Normal : Kris Chucko, Adam Pineault, Erik Condra - PP : Kris Chucko, Adam Pineault - PK : Erik Condra
Extra Defensemen
Normal : Zach Jones, Jack Hillen, Simon Despres - PP : Zach Jones - PK : Jack Hillen, Simon Despres
Penalty Shots
Éric Perrin, Brad Isbister, Richard Zednik, Tanner Glass, Kris Chucko
% Time on Ice - Ice Dragons
Lines # - Real PCT - Wanted PCT - Time Play
Normal Forward
1 - 36% - 40% - 12:02
2 - 24% - 30% - 8:00
3 - 18% - 20% - 6:11
4 - 22% - 10% - 7:15
Normal Defense
1 - 40% - 40% - 13:25
2 - 33% - 30% - 10:55
3 - 15% - 20% - 5:03
4 - 12% - 10% - 4:05
PP Forward
1 - 48% - 60% - 7:04
2 - 52% - 40% - 7:34
PP Defense
1 - 54% - 60% - 7:54
2 - 46% - 40% - 6:44
PK Forward
1 - 79% - 60% - 9:24
2 - 21% - 40% - 2:30
PK Defense
1 - 53% - 60% - 6:15
2 - 47% - 40% - 5:39
PK3 Forward
1 - 100% - 60% - 0:05
2 - 0% - 40% - 0:00
PK3 Defense
1 - 100% - 60% - 0:05
2 - 0% - 40% - 0:00
44 Forward
1 - 100% - 60% - 0:09
2 - 0% - 40% - 0:00
44 Defense
1 - 100% - 60% - 0:09
2 - 0% - 40% - 0:00
Last Minute Offensive - 0:00
Last Minute Defensive - 0:00
Total
Forward - 60:14
Defense - 60:14
|
% Time on Ice - Punishers
Lines # - Real PCT - Wanted PCT - Time Play
Normal Forward
1 - 37% - 40% - 12:23
2 - 28% - 30% - 9:19
3 - 20% - 20% - 6:36
4 - 15% - 10% - 5:10
Normal Defense
1 - 40% - 40% - 13:28
2 - 31% - 30% - 10:22
3 - 23% - 20% - 7:35
4 - 6% - 10% - 2:03
PP Forward
1 - 50% - 60% - 5:54
2 - 50% - 40% - 6:00
PP Defense
1 - 68% - 60% - 8:05
2 - 32% - 40% - 3:49
PK Forward
1 - 70% - 60% - 9:58
2 - 30% - 40% - 4:13
PK Defense
1 - 53% - 60% - 7:28
2 - 47% - 40% - 6:43
PK3 Forward
1 - 100% - 60% - 0:27
2 - 0% - 40% - 0:00
PK3 Defense
1 - 15% - 60% - 0:04
2 - 85% - 40% - 0:23
44 Forward
1 - 100% - 60% - 0:14
2 - 0% - 40% - 0:00
44 Defense
1 - 100% - 60% - 0:14
2 - 0% - 40% - 0:00
Last Minute Offensive - 0:00
Last Minute Defensive - 0:00
Total
Forward - 60:14
Defense - 60:14
|
Play by Play
1st period
0:01 of 1st period - Éric Perrin wins face-off versus Martin Hanzal in neutral zone.
0:30 of 1st period - Off-side.
0:31 of 1st period - Kris Beech wins face-off versus Kris Chucko in neutral zone.
0:34 of 1st period - Mike Weber is hit by Kris Beech and loses puck.
0:41 of 1st period - Slapshot by Mats Zuccarello.
0:41 of 1st period - Shot Misses the Net.
0:43 of 1st period - Slapshot by Matt Walker.
0:43 of 1st period - Shot Misses the Net.
0:45 of 1st period - Snap shot by Mats Zuccarello.
0:45 of 1st period - Stopped by Kevin Poulin without a rebound.
0:46 of 1st period - Patrick O'Sullivan wins face-off versus Casey Cizikas in Punishers zone.
1:11 of 1st period - Tyler Eckford is hit by Petteri Nokelainen and loses puck.
1:29 of 1st period - Minor Penalty to Brad Staubitz for High sticking.
1:30 of 1st period - Niklas Sundstrom wins face-off versus Éric Perrin in Ice Dragons zone.
2:11 of 1st period - Shean Donovan is hit by Mike Grier and loses puck.
2:26 of 1st period - Snap shot by Petteri Nokelainen.
2:26 of 1st period - Shot Blocked by Matt Walker.
3:29 of 1st period - Penalty to Brad Staubitz is over, Brad Staubitz is back on ice.
4:18 of 1st period - Off-side.
4:19 of 1st period - Éric Perrin wins face-off versus Kris Beech in neutral zone.
4:40 of 1st period - Minor Penalty to Éric Perrin for Holding.
4:41 of 1st period - Cal Clutterbuck wins face-off versus Erik Condra in Punishers zone.
4:44 of 1st period - Snap shot by Martin Hanzal.
4:44 of 1st period - Shot Misses the Net.
4:46 of 1st period - Slapshot by Jonathan Blum.
4:46 of 1st period - Shot Blocked by Adam McQuaid.
4:48 of 1st period - Wrist shot by Martin Hanzal.
4:48 of 1st period - Stopped by Kevin Poulin with a rebound.
4:50 of 1st period - Snap shot by Cal Clutterbuck.
4:50 of 1st period - Shot Misses the Net.
5:58 of 1st period - Boris Valabik is hit by Adam McQuaid and loses puck.
6:17 of 1st period - Kris Beech is hit by Kris Chucko and loses puck.
6:24 of 1st period - Brandon McMillan is hit by Danny Syvret.
6:40 of 1st period - Penalty to Éric Perrin is over, Éric Perrin is back on ice.
7:31 of 1st period - Keaton Ellerby is hit by Kris Beech and loses puck.
7:55 of 1st period - Wrist shot by Tim Kennedy.
7:55 of 1st period - Shot Blocked by Radek Smolenak.
10:43 of 1st period - Danny Syvret is hit by Mike Weber.
11:15 of 1st period - Off-side.
11:16 of 1st period - Éric Perrin wins face-off versus Patrick O'Sullivan in neutral zone.
11:23 of 1st period - Snap shot by Éric Perrin.
11:23 of 1st period - Stopped by Justin Pogge with a rebound.
11:25 of 1st period - Wrist shot by Richard Zednik.
11:25 of 1st period - Shot Misses the Net.
11:37 of 1st period - Snap shot by Martin Hanzal.
11:37 of 1st period - Shot Misses the Net.
11:59 of 1st period - Slapshot by Kris Chucko.
11:59 of 1st period - Stopped by Justin Pogge without a rebound.
12:00 of 1st period - Éric Perrin wins face-off versus Kris Beech in Ice Dragons zone.
12:05 of 1st period - Wrist shot by Brad Isbister.
12:05 of 1st period - Shot Misses the Net.
12:25 of 1st period - Mike Grier is hit by Cal Clutterbuck and loses puck.
12:32 of 1st period - Slapshot by Martin Hanzal.
12:32 of 1st period - Stopped by Kevin Poulin with a rebound.
12:34 of 1st period - Snap shot by Jeff Tambellini.
12:34 of 1st period - Goal by Jeff Tambellini - Ice Dragons : 1 - Punishers : 0.
12:35 of 1st period - Éric Perrin wins face-off versus Martin Hanzal in neutral zone.
12:37 of 1st period - Minor Penalty to Mike Weber for Slashing.
12:38 of 1st period - Éric Perrin wins face-off versus Martin Hanzal in Punishers zone.
12:40 of 1st period - Wrist shot by Martin Hanzal.
12:40 of 1st period - Shot Misses the Net.
13:04 of 1st period - Keaton Ellerby is hit by Kris Beech and loses puck.
14:09 of 1st period - Mats Zuccarello is hit by Simon Despres and loses puck.
14:37 of 1st period - Penalty to Mike Weber is over, Mike Weber is back on ice.
14:41 of 1st period - Mike Weber is hit by Marc-Antoine Pouliot and loses puck.
15:08 of 1st period - Snap shot by Kris Chucko.
15:08 of 1st period - Stopped by Justin Pogge without a rebound.
15:09 of 1st period - Petteri Nokelainen wins face-off versus Marc-Antoine Pouliot in Ice Dragons zone.
15:12 of 1st period - Snap shot by Tanner Glass.
15:12 of 1st period - Shot Blocked by Kevin Klein.
16:10 of 1st period - Snap shot by Casey Cizikas.
16:10 of 1st period - Shot Blocked by Danny Syvret.
16:12 of 1st period - Slapshot by Mike Weber.
16:12 of 1st period - Deflect By Casey Cizikas.
16:12 of 1st period - Shot Blocked by Patrick O'Sullivan.
16:12 of 1st period - Puck is out of play.
16:13 of 1st period - Petteri Nokelainen wins face-off versus Martin Hanzal in Ice Dragons zone.
16:22 of 1st period - Snap shot by Jeff Tambellini.
16:22 of 1st period - Shot Misses the Net.
16:24 of 1st period - Minor Penalty to Petteri Nokelainen for Tripping.
16:25 of 1st period - Martin Hanzal wins face-off versus Éric Perrin in Punishers zone.
16:59 of 1st period - Icing by Jeff Tambellini.
17:00 of 1st period - Jeff Tambellini wins face-off versus Éric Perrin in Ice Dragons zone.
17:00 of 1st period - Jeff Tambellini is hit by Mike Weber.
17:14 of 1st period - Slapshot by Nigel Dawes.
17:14 of 1st period - Stopped by Kevin Poulin with a rebound.
17:16 of 1st period - Slapshot by Kevin Klein.
17:16 of 1st period - Stopped by Kevin Poulin with a rebound.
17:18 of 1st period - Slapshot by Nigel Dawes.
17:18 of 1st period - Deflect By Kris Beech.
17:18 of 1st period - Stopped by Kevin Poulin with a rebound.
17:28 of 1st period - Snap shot by Jeff Tambellini.
17:28 of 1st period - Stopped by Kevin Poulin with a rebound.
17:30 of 1st period - Snap shot by Nigel Dawes.
17:30 of 1st period - Stopped by Kevin Poulin without a rebound.
17:31 of 1st period - Cal Clutterbuck wins face-off versus Richard Zednik in Punishers zone.
17:34 of 1st period - Snap shot by Martin Hanzal.
17:34 of 1st period - Shot Misses the Net.
17:36 of 1st period - Wrist shot by Cal Clutterbuck.
17:36 of 1st period - Goal by Cal Clutterbuck - Ice Dragons : 2 - Punishers : 0.
17:37 of 1st period - Martin Hanzal wins face-off versus Éric Perrin in neutral zone.
17:43 of 1st period - Minor Penalty to Éric Perrin for Hooking.
17:44 of 1st period - Martin Hanzal wins face-off versus Brad Isbister in Punishers zone.
17:51 of 1st period - Cal Clutterbuck is hit by Erik Condra and loses puck.
18:00 of 1st period - Snap shot by Cal Clutterbuck.
18:00 of 1st period - Stopped by Kevin Poulin with a rebound.
18:22 of 1st period - Icing by Nigel Dawes.
18:23 of 1st period - Kris Beech wins face-off versus Casey Cizikas in Ice Dragons zone.
18:54 of 1st period - Wrist shot by Tanner Glass.
18:54 of 1st period - Shot Misses the Net.
18:59 of 1st period - Icing by Jeff Tambellini.
19:00 of 1st period - Erik Condra wins face-off versus Kris Beech in Ice Dragons zone.
19:05 of 1st period - Snap shot by Erik Condra.
19:05 of 1st period - Stopped by Justin Pogge with a rebound.
19:43 of 1st period - Penalty to Éric Perrin is over, Éric Perrin is back on ice.
19:44 of 1st period - Wrist shot by Martin Hanzal.
19:44 of 1st period - Shot Blocked by Adam McQuaid.
19:58 of 1st period - Wrist shot by Tim Kennedy.
19:58 of 1st period - Shot Misses the Net.
Goals for this period are 2 for Ice Dragons vs 0 for Punishers.
Shots for this period are 11 for Ice Dragons vs 4 for Punishers.
2nd period
0:01 of 2nd period - Martin Hanzal wins face-off versus Richard Zednik in neutral zone.
0:14 of 2nd period - Slapshot by Jeff Tambellini.
0:14 of 2nd period - Shot Blocked by Richard Zednik.
0:32 of 2nd period - Wrist shot by Tanner Glass.
0:32 of 2nd period - Stopped by Justin Pogge without a rebound.
0:33 of 2nd period - Kris Beech wins face-off versus Petteri Nokelainen in Ice Dragons zone.
1:05 of 2nd period - Snap shot by Éric Perrin.
1:05 of 2nd period - Deflect By Jeff Tambellini.
1:05 of 2nd period - Stopped by Justin Pogge without a rebound.
1:06 of 2nd period - Éric Perrin wins face-off versus Martin Hanzal in Ice Dragons zone.
1:39 of 2nd period - Wrist shot by Adam Pineault.
1:39 of 2nd period - Shot Hit the Post.
1:57 of 2nd period - Off-side.
1:58 of 2nd period - Patrick O'Sullivan wins face-off versus Petteri Nokelainen in neutral zone.
2:10 of 2nd period - Wrist shot by Shean Donovan.
2:10 of 2nd period - Deflect By Nigel Dawes.
2:10 of 2nd period - Goal by Nigel Dawes - Ice Dragons : 3 - Punishers : 0.
2:11 of 2nd period - Brad Isbister wins face-off versus Martin Hanzal in neutral zone.
2:17 of 2nd period - Minor Penalty to Cal Clutterbuck for Interference.
2:18 of 2nd period - Niklas Sundstrom wins face-off versus Éric Perrin in Ice Dragons zone.
3:14 of 2nd period - Jeff Tambellini is hit by Richard Zednik and loses puck.
4:17 of 2nd period - Penalty to Cal Clutterbuck is over, Cal Clutterbuck is back on ice.
4:44 of 2nd period - Slapshot by Kevin Klein.
4:44 of 2nd period - Stopped by Kevin Poulin without a rebound.
4:45 of 2nd period - Marc-Antoine Pouliot wins face-off versus Brandon McMillan in Punishers zone.
4:52 of 2nd period - Snap shot by Marc-Antoine Pouliot.
4:52 of 2nd period - Stopped by Kevin Poulin with a rebound.
4:54 of 2nd period - Snap shot by Marc-Antoine Pouliot.
4:54 of 2nd period - Shot Misses the Net.
4:56 of 2nd period - Snap shot by Tim Kennedy.
4:56 of 2nd period - Shot Misses the Net.
4:58 of 2nd period - Wrist shot by Brad Staubitz.
4:58 of 2nd period - Deflect By Tim Kennedy.
4:58 of 2nd period - Shot Misses the Net.
4:58 of 2nd period - Puck is out of play.
4:59 of 2nd period - Éric Perrin wins face-off versus Shean Donovan in Punishers zone.
5:12 of 2nd period - Snap shot by Nigel Dawes.
5:12 of 2nd period - Shot Misses the Net.
5:14 of 2nd period - Snap shot by Shean Donovan.
5:14 of 2nd period - Stopped by Kevin Poulin without a rebound.
5:15 of 2nd period - Petteri Nokelainen wins face-off versus Tim Kennedy in Punishers zone.
5:15 of 2nd period - Petteri Nokelainen is hit by Kevin Klein.
5:42 of 2nd period - Icing by Kevin Klein.
5:43 of 2nd period - Cal Clutterbuck wins face-off versus Éric Perrin in Ice Dragons zone.
5:43 of 2nd period - Cal Clutterbuck is hit by Éric Perrin.
6:07 of 2nd period - Wrist shot by Niklas Sundstrom.
6:07 of 2nd period - Stopped by Kevin Poulin without a rebound.
6:08 of 2nd period - Kris Beech wins face-off versus Petteri Nokelainen in Punishers zone.
6:18 of 2nd period - Icing by Matt Walker.
6:19 of 2nd period - Kris Beech wins face-off versus Éric Perrin in Ice Dragons zone.
6:19 of 2nd period - Kris Beech is hit by Justin Falk.
6:31 of 2nd period - Wrist shot by Mats Zuccarello.
6:31 of 2nd period - Stopped by Kevin Poulin without a rebound.
6:32 of 2nd period - Martin Hanzal wins face-off versus Richard Zednik in Punishers zone.
6:45 of 2nd period - Slapshot by Éric Perrin.
6:45 of 2nd period - Stopped by Justin Pogge with a rebound.
6:47 of 2nd period - Slapshot by Justin Falk.
6:47 of 2nd period - Shot Blocked by Martin Hanzal.
6:57 of 2nd period - Justin Falk is hit by Boris Valabik and loses puck.
7:06 of 2nd period - Backhand shot by Tanner Glass.
7:06 of 2nd period - Stopped by Justin Pogge without a rebound.
7:07 of 2nd period - Éric Perrin wins face-off versus Kris Beech in Ice Dragons zone.
7:15 of 2nd period - Off-side.
7:16 of 2nd period - Éric Perrin wins face-off versus Kris Beech in neutral zone.
7:29 of 2nd period - Snap shot by Richard Zednik.
7:29 of 2nd period - Shot Blocked by Danny Syvret.
7:45 of 2nd period - Snap shot by Richard Zednik.
7:45 of 2nd period - Stopped by Justin Pogge without a rebound.
7:46 of 2nd period - Jeff Tambellini wins face-off versus Kris Chucko in Ice Dragons zone.
7:48 of 2nd period - Minor Penalty to Boris Valabik for Holding.
7:49 of 2nd period - Éric Perrin wins face-off versus Niklas Sundstrom in Ice Dragons zone.
7:51 of 2nd period - Wrist shot by Éric Perrin.
7:51 of 2nd period - Shot Misses the Net.
7:53 of 2nd period - Wrist shot by Richard Zednik.
7:53 of 2nd period - Goal by Richard Zednik - Ice Dragons : 3 - Punishers : 1.
7:54 of 2nd period - Martin Hanzal wins face-off versus Éric Perrin in neutral zone.
7:57 of 2nd period - Keaton Ellerby is hit by Cal Clutterbuck and loses puck.
8:07 of 2nd period - Icing by Justin Falk.
8:08 of 2nd period - Éric Perrin wins face-off versus Martin Hanzal in Punishers zone.
8:36 of 2nd period - Kevin Klein is hit by Justin Falk and loses puck.
8:45 of 2nd period - Wrist shot by Brad Isbister.
8:45 of 2nd period - Goal by Brad Isbister - Ice Dragons : 3 - Punishers : 2.
8:46 of 2nd period - Kris Beech wins face-off versus Mike Grier in neutral zone.
9:32 of 2nd period - Wrist shot by Niklas Sundstrom.
9:32 of 2nd period - Stopped by Kevin Poulin with a rebound.
9:34 of 2nd period - Snap shot by Mats Zuccarello.
9:34 of 2nd period - Stopped by Kevin Poulin without a rebound.
9:35 of 2nd period - Martin Hanzal wins face-off versus Éric Perrin in Punishers zone.
9:59 of 2nd period - Icing by Éric Perrin.
10:00 of 2nd period - Patrick O'Sullivan wins face-off versus Brandon McMillan in Punishers zone.
10:07 of 2nd period - Slapshot by Shean Donovan.
10:07 of 2nd period - Goal by Shean Donovan - Ice Dragons : 4 - Punishers : 2.
10:08 of 2nd period - Martin Hanzal wins face-off versus Éric Perrin in neutral zone.
10:17 of 2nd period - Wrist shot by Cal Clutterbuck.
10:17 of 2nd period - Shot Blocked by Adam McQuaid.
10:19 of 2nd period - Snap shot by Martin Hanzal.
10:19 of 2nd period - Stopped by Kevin Poulin with a rebound.
10:21 of 2nd period - Slapshot by Kevin Klein.
10:21 of 2nd period - Shot Hit the Post.
10:23 of 2nd period - Wrist shot by Jeff Tambellini.
10:23 of 2nd period - Shot Blocked by Mike Weber.
10:51 of 2nd period - Minor Penalty to Niklas Sundstrom for Tripping.
10:52 of 2nd period - Tim Kennedy wins face-off versus Éric Perrin in Ice Dragons zone.
12:32 of 2nd period - Tim Kennedy is hit by Tanner Glass and loses puck.
12:51 of 2nd period - Penalty to Niklas Sundstrom is over, Niklas Sundstrom is back on ice.
13:01 of 2nd period - Mats Zuccarello is hit by Adam Pineault and loses puck.
13:53 of 2nd period - Icing by Cal Clutterbuck.
13:54 of 2nd period - Éric Perrin wins face-off versus Martin Hanzal in Ice Dragons zone.
14:25 of 2nd period - Snap shot by Éric Perrin.
14:25 of 2nd period - Shot Misses the Net.
14:27 of 2nd period - Wrist shot by Brad Isbister.
14:27 of 2nd period - Stopped by Justin Pogge without a rebound.
14:28 of 2nd period - Éric Perrin wins face-off versus Marc-Antoine Pouliot in Ice Dragons zone.
14:31 of 2nd period - Slapshot by Éric Perrin.
14:31 of 2nd period - Goal by Éric Perrin - Ice Dragons : 4 - Punishers : 3.
14:32 of 2nd period - Éric Perrin wins face-off versus Martin Hanzal in neutral zone.
14:35 of 2nd period - Snap shot by Brad Isbister.
14:35 of 2nd period - Stopped by Justin Pogge without a rebound.
14:36 of 2nd period - Martin Hanzal wins face-off versus Éric Perrin in Ice Dragons zone.
14:36 of 2nd period - Martin Hanzal is hit by Brad Isbister.
15:06 of 2nd period - Adam Pineault is hit by Danny Syvret and loses puck.
16:11 of 2nd period - Snap shot by Erik Condra.
16:11 of 2nd period - Shot Misses the Net.
16:13 of 2nd period - Wrist shot by Casey Cizikas.
16:13 of 2nd period - Stopped by Justin Pogge with a rebound.
16:17 of 2nd period - Snap shot by Erik Condra.
16:17 of 2nd period - Deflect By Casey Cizikas.
16:17 of 2nd period - Shot Misses the Net.
16:17 of 2nd period - Puck is out of play.
16:18 of 2nd period - Brad Isbister wins face-off versus Martin Hanzal in Ice Dragons zone.
16:43 of 2nd period - Minor Penalty to Richard Zednik for Boarding.
16:44 of 2nd period - Martin Hanzal wins face-off versus Éric Perrin in Punishers zone.
17:19 of 2nd period - Slapshot by Kris Beech.
17:19 of 2nd period - Shot Blocked by Justin Falk.
18:33 of 2nd period - Danny Syvret is hit by Kris Chucko and loses puck.
18:43 of 2nd period - Penalty to Richard Zednik is over, Richard Zednik is back on ice.
18:55 of 2nd period - Kris Chucko is hit by Brad Staubitz and loses puck.
19:15 of 2nd period - Mike Grier is hit by Nigel Dawes and loses puck.
19:58 of 2nd period - Minor Penalty to Cal Clutterbuck for Slashing.
19:59 of 2nd period - Niklas Sundstrom wins face-off versus Éric Perrin in Ice Dragons zone.
Goals for this period are 2 for Ice Dragons vs 3 for Punishers.
Shots for this period are 10 for Ice Dragons vs 11 for Punishers.
3rd period
0:01 of 3rd period - Niklas Sundstrom wins face-off versus Éric Perrin in neutral zone.
0:25 of 3rd period - Petteri Nokelainen is hit by Jeff Tambellini.
1:53 of 3rd period - Danny Syvret is hit by Adam McQuaid and loses puck.
1:58 of 3rd period - Penalty to Cal Clutterbuck is over, Cal Clutterbuck is back on ice.
2:26 of 3rd period - Slapshot by Danny Syvret.
2:26 of 3rd period - Shot Blocked by Jack Hillen.
2:38 of 3rd period - Wrist shot by Marc-Antoine Pouliot.
2:38 of 3rd period - Deflect By Tim Kennedy.
2:38 of 3rd period - Stopped by Kevin Poulin with a rebound.
3:26 of 3rd period - Icing by Mats Zuccarello.
3:27 of 3rd period - Éric Perrin wins face-off versus Tim Kennedy in Ice Dragons zone.
3:34 of 3rd period - Snap shot by Tim Kennedy.
3:34 of 3rd period - Shot Misses the Net.
3:36 of 3rd period - Wrist shot by Tim Kennedy.
3:36 of 3rd period - Shot Misses the Net.
3:38 of 3rd period - Wrist shot by Tim Kennedy.
3:38 of 3rd period - Shot Misses the Net.
3:40 of 3rd period - Wrist shot by Marc-Antoine Pouliot.
3:40 of 3rd period - Stopped by Kevin Poulin with a rebound.
4:12 of 3rd period - Snap shot by Adam Pineault.
4:12 of 3rd period - Stopped by Justin Pogge with a rebound.
4:26 of 3rd period - Slapshot by Marc-Antoine Pouliot.
4:26 of 3rd period - Stopped by Kevin Poulin with a rebound.
4:28 of 3rd period - Slapshot by Jonathan Blum.
4:28 of 3rd period - Shot Blocked by Brandon McMillan.
4:30 of 3rd period - Wrist shot by Brad Staubitz.
4:30 of 3rd period - Stopped by Kevin Poulin without a rebound.
4:31 of 3rd period - Richard Zednik wins face-off versus Marc-Antoine Pouliot in Punishers zone.
4:58 of 3rd period - Tanner Glass is hit by Martin Hanzal.
5:05 of 3rd period - Minor Penalty to Mike Grier for Roughing.
5:06 of 3rd period - Éric Perrin wins face-off versus Martin Hanzal in Punishers zone.
6:09 of 3rd period - Wrist shot by Tanner Glass.
6:09 of 3rd period - Shot Misses the Net.
6:37 of 3rd period - Minor Penalty to Erik Condra for Holding.
6:38 of 3rd period - Éric Perrin wins face-off versus Martin Hanzal in Punishers zone.
7:05 of 3rd period - Penalty to Mike Grier is over, Mike Grier is back on ice.
7:32 of 3rd period - Martin Hanzal is hit by Casey Cizikas and loses puck.
7:43 of 3rd period - Slapshot by Adam McQuaid.
7:43 of 3rd period - Goal by Adam McQuaid - Ice Dragons : 4 - Punishers : 4.
7:44 of 3rd period - Brad Isbister wins face-off versus Jeff Tambellini in neutral zone.
7:47 of 3rd period - Slapshot by Keaton Ellerby.
7:47 of 3rd period - Shot Misses the Net.
7:58 of 3rd period - Off-side.
7:59 of 3rd period - Éric Perrin wins face-off versus Martin Hanzal in neutral zone.
8:10 of 3rd period - Justin Falk is hit by Boris Valabik and loses puck.
8:29 of 3rd period - Slapshot by Kevin Klein.
8:29 of 3rd period - Shot Blocked by Keaton Ellerby.
8:37 of 3rd period - Penalty to Erik Condra is over, Erik Condra is back on ice.
8:49 of 3rd period - Wrist shot by Kris Chucko.
8:49 of 3rd period - Stopped by Justin Pogge with a rebound.
9:08 of 3rd period - Minor Penalty to Erik Condra for Holding.
9:09 of 3rd period - Éric Perrin wins face-off versus Martin Hanzal in Punishers zone.
9:09 of 3rd period - Éric Perrin is hit by Kevin Klein.
9:42 of 3rd period - Backhand shot by Jeff Tambellini.
9:42 of 3rd period - Shot Blocked by Adam McQuaid.
9:44 of 3rd period - Snap shot by Jeff Tambellini.
9:44 of 3rd period - Shot Blocked by Mike Weber.
11:08 of 3rd period - Penalty to Erik Condra is over, Erik Condra is back on ice.
11:23 of 3rd period - Snap shot by Tim Kennedy.
11:23 of 3rd period - Shot Blocked by Adam McQuaid.
11:36 of 3rd period - Minor Penalty to Jonathan Blum for Roughing.
11:37 of 3rd period - Éric Perrin wins face-off versus Niklas Sundstrom in Ice Dragons zone.
12:31 of 3rd period - Jeff Tambellini is hit by Tanner Glass and loses puck.
13:36 of 3rd period - Penalty to Jonathan Blum is over, Jonathan Blum is back on ice.
14:23 of 3rd period - Icing by Erik Condra.
14:24 of 3rd period - Shean Donovan wins face-off versus Casey Cizikas in Punishers zone.
14:33 of 3rd period - Snap shot by Shean Donovan.
14:33 of 3rd period - Stopped by Kevin Poulin without a rebound.
14:34 of 3rd period - Patrick O'Sullivan wins face-off versus Éric Perrin in Punishers zone.
14:37 of 3rd period - Slapshot by Shean Donovan.
14:37 of 3rd period - Shot Misses the Net.
14:47 of 3rd period - Wrist shot by Shean Donovan.
14:47 of 3rd period - Stopped by Kevin Poulin without a rebound.
14:48 of 3rd period - Martin Hanzal wins face-off versus Éric Perrin in Punishers zone.
14:59 of 3rd period - Wrist shot by Cal Clutterbuck.
14:59 of 3rd period - Stopped by Kevin Poulin without a rebound.
15:00 of 3rd period - Kris Beech wins face-off versus Éric Perrin in Punishers zone.
15:14 of 3rd period - Slapshot by Mats Zuccarello.
15:14 of 3rd period - Stopped by Kevin Poulin with a rebound.
15:16 of 3rd period - Slapshot by Kevin Klein.
15:16 of 3rd period - Stopped by Kevin Poulin with a rebound.
15:26 of 3rd period - Patrick O'Sullivan is hit by Kris Chucko and loses puck.
15:33 of 3rd period - Slapshot by Kris Chucko.
15:33 of 3rd period - Shot Misses the Net.
15:45 of 3rd period - Slapshot by Mike Weber.
15:45 of 3rd period - Stopped by Justin Pogge without a rebound.
15:46 of 3rd period - Martin Hanzal wins face-off versus Casey Cizikas in Ice Dragons zone.
15:46 of 3rd period - Martin Hanzal is hit by Erik Condra.
16:24 of 3rd period - Wrist shot by Éric Perrin.
16:24 of 3rd period - Deflect By Brad Isbister.
16:24 of 3rd period - Stopped by Justin Pogge without a rebound.
16:25 of 3rd period - Brandon McMillan wins face-off versus Patrick O'Sullivan in Ice Dragons zone.
16:26 of 3rd period - Snap shot by Adam Pineault.
16:26 of 3rd period - Shot Misses the Net.
16:28 of 3rd period - Snap shot by Adam Pineault.
16:28 of 3rd period - Shot Blocked by Patrick O'Sullivan.
16:30 of 3rd period - Slapshot by Keaton Ellerby.
16:30 of 3rd period - Stopped by Justin Pogge without a rebound.
16:31 of 3rd period - Patrick O'Sullivan wins face-off versus Brandon McMillan in Ice Dragons zone.
16:56 of 3rd period - Wrist shot by Richard Zednik.
16:56 of 3rd period - Stopped by Justin Pogge with a rebound.
16:58 of 3rd period - Snap shot by Éric Perrin.
16:58 of 3rd period - Shot Blocked by Kevin Klein.
17:27 of 3rd period - Snap shot by Mike Grier.
17:27 of 3rd period - Deflect By Kevin Klein.
17:27 of 3rd period - Stopped by Justin Pogge with a rebound.
17:43 of 3rd period - Slapshot by Adam McQuaid.
17:43 of 3rd period - Stopped by Justin Pogge with a rebound.
17:45 of 3rd period - Slapshot by Mike Weber.
17:45 of 3rd period - Stopped by Justin Pogge without a rebound.
17:46 of 3rd period - Patrick O'Sullivan wins face-off versus Brandon McMillan in Ice Dragons zone.
17:53 of 3rd period - Kris Chucko is hit by Patrick O'Sullivan and loses puck.
18:05 of 3rd period - Minor Penalty to Shean Donovan for Roughing.
18:06 of 3rd period - Éric Perrin wins face-off versus Niklas Sundstrom in Ice Dragons zone.
18:08 of 3rd period - Wrist shot by Éric Perrin.
18:08 of 3rd period - Stopped by Justin Pogge without a rebound.
18:09 of 3rd period - Niklas Sundstrom wins face-off versus Éric Perrin in Ice Dragons zone.
18:19 of 3rd period - Off-side.
18:20 of 3rd period - Éric Perrin wins face-off versus Niklas Sundstrom in neutral zone.
Goals for this period are 0 for Ice Dragons vs 1 for Punishers.
Shots for this period are 9 for Ice Dragons vs 11 for Punishers.
Overtime #1
0:01 of 1st overtime period - Cal Clutterbuck wins face-off versus Éric Perrin in neutral zone.
0:05 of 1st overtime period - Penalty to Shean Donovan is over, Shean Donovan is back on ice.
0:12 of 1st overtime period - Wrist shot by Brad Isbister.
0:12 of 1st overtime period - Shot Misses the Net.
0:14 of 1st overtime period - Backhand shot by Keaton Ellerby.
0:14 of 1st overtime period - Goal by Keaton Ellerby - Ice Dragons : 4 - Punishers : 5.
Goals for this period are 0 for Ice Dragons vs 1 for Punishers.
Shots for this period are 0 for Ice Dragons vs 1 for Punishers.
Output by the SimonT Hockey Simulator (STHS) for François Prévost -- Original Page W3C XHTML 1.0 Valid